 Dungeon Crawl Stone Soup version 0.24.1-11-gbbbb2193e6 (webtiles) character file.

Game seed: 17037440007676060034, levelgen mode: deterministic

38 Hugehornet the Insei (level 3, -9/23 HPs)
             Began as an Octopode Transmuter on May 11, 2020.
             Mangled by a worm (10 damage)
             ... on level 2 of the Dungeon.
             The game lasted 00:01:31 (1306 turns).

Hugehornet the Insei (Octopode Transmuter)          Turns: 1306, Time: 00:01:32

Health: -9/23      AC:  1    Str:  9    XL:     3   Next: 43%
Magic:  6/6        EV: 13    Int: 16    God:
Gold:   42         SH:  0    Dex: 12    Spells: 1/7 levels left

rFire    . . .     SeeInvis .     - Unarmed
rCold    . . .     Gourm    .   (no shield)
rNeg     . . .     Faith    .   (helmet restricted)
rPois    .         Spirit   .   (no amulet)
rElec    .         Reflect  .   i - ring of attention (curse)
rCorr    .         Harm     .   (no ring)
MR       .....                  (no ring)
Stlth    +.........             (no ring)
HPRegen  0.07/turn              (no ring)
MPRegen  0.10/turn              (no ring)
                                (no ring)
                                (no ring)

@: no status effects
A: almost no armour, stealthy swim, amphibious, 8 rings, constrict 8, camouflage
1, gelatinous body 1
a: no special abilities


You were on level 2 of the Dungeon.
You were hungry.

You visited 1 branch of the dungeon, and saw 2 of its levels.

You collected 42 gold pieces.

Inventory:

Missiles
 a - 12 arrows
Jewellery
 i - a cursed ring of attention (left tentacle)
Scrolls
 b - 2 scrolls of identify {unknown}
 e - a scroll of teleportation {unknown}
Potions
 d - a potion of ambrosia {unknown}
 f - a potion of lignification {unknown}
 g - a potion of agility {unknown}
 h - a potion of haste {unknown}
Comestibles
 c - 3 rations


   Skills:
 - Level 1.0 Fighting
 - Level 2.0 Dodging
 - Level 3.0 Unarmed Combat
 + Level 2.5 Spellcasting
 - Level 3.0 Transmutations
 * Level 1.2 Poison Magic


You had one spell level left.
You knew the following spells:

 Your Spells              Type           Power        Failure   Level  Hunger
a - Beastly Appendage     Tmut           ##....       6%          1    #......
b - Sticks to Snakes      Tmut           ##......     9%          2    ##.....
c - Spider Form           Tmut/Pois      #.........   24%         3    ###....

Your spell library contained the following spells:

 Spells                   Type           Power        Failure   Level  Hunger
 Ice Form                 Ice/Tmut       #.......     71%         4    #####..
 Blade Hands              Tmut           ##........   85%         5    ######.


Dungeon Overview and Level Annotations

Branches:
Dungeon (2/15)

Altars:


Innate Abilities, Weirdness & Mutations

You cannot wear most types of armour.
You are very stealthy in the water. (Stealth+)
You are amphibious.
You can wear up to eight rings at the same time.
You can use your tentacles to constrict eight enemies at once.
Your skin changes colour to match your surroundings (Stealth+).
Your rubbery body absorbs attacks. (AC +1, EV +1)


Message History

You pierce the jackal, but do no damage.
The jackal is severely wounded.
You constrict the jackal. The jackal bites you. x2
You tentacle-slap the jackal.
You kill the jackal!
You are feeling hungry.
You tentacle-slap the worm but do no damage.
You grab the worm.
You pierce the worm.
The worm is moderately wounded.
You constrict the worm.
You tentacle-slap the jackal but do no damage.
Your grab misses the jackal. You tentacle-slap the jackal.
The jackal is moderately wounded.
You constrict the worm. The jackal bites you. The worm bites you!
* * * LOW HITPOINT WARNING * * *
You closely miss the jackal. Your grab misses the jackal.
The jackal is moderately wounded.
Your tentacle spike disappears.
You constrict the worm.
The jackal closely misses you. x2; The worm bites you!
You die...

### #.. #.# #.#
#######.####.###.
.......?.........
#####)####.....
#..............
#.###$#@h......
#.###.#w.......
#..<#.#........
#####.#.#######
..... ##... ...
#....


You could see a worm and a jackal.

Vanquished Creatures
  A worm (D:2)
  A ball python (D:1)
  6 bats (D:1)
  3 giant cockroaches (D:1)
  6 goblins
  2 hobgoblins (D:1)
  5 jackals
  5 kobolds (D:1)
  3 rats (D:1)
32 creatures vanquished.

Notes
Turn   | Place    | Note
-------+----------+-------------------------------------------
     0 | D:1      | Hugehornet the Octopode Transmuter began the quest for the
                  | Orb.
     0 | D:1      | Reached XP level 1. HP: 13/13 MP: 3/3
   121 | D:1      | Reached XP level 2. HP: 13/18 MP: 3/5
   742 | D:1      | Reached XP level 3. HP: 23/23 MP: 4/6
   746 | D:1      | Learned a level 2 spell: Sticks to Snakes
   750 | D:1      | Learned a level 3 spell: Spider Form
  1288 | D:2      | Reached skill level 1 in Poison Magic
  1305 | D:2      | HP: 1/23 [worm (8)]
  1306 | D:2      | Mangled by a worm

Levels and vault maps discovered:
D:1:      lightli_arrival_chessboard, layout_basic
D:2:      layout_basic, lemuel_crystal_altar, hangedman_feature_mirror,
          serial_park_tiny_pond, uniq_sigmund, uniq_terence

Skill      XL: |  1  2  3 |
---------------+----------+-----
Transmutations | 3 |  3.0
Poison Magic   | 1 |  1.2
Fighting       | |  1.0
Dodging        | |  2.0
Unarmed Combat | |  3.0
Spellcasting   | |  2.5

Action                   || total
-------------------------++-------
Melee: Unarmed           ||    65
       Constrict         ||    23
       Kick              ||    11
       Tentacles         ||     7
       Punch             ||     2
 Cast: Beastly Appendage ||    18
  Use: Scroll            ||     1
  Eat: Chunk             ||     1
Armor: Skin              ||     7
Dodge: Dodged            ||    45
